 Dungeon Crawl Stone Soup version 0.28-a0-1638-g9123634e07 (webtiles) character file.

Game seed: 14787817968423092419

3787 HallandMoats the Toy (level 10, -4/84 HPs)
             Began as a Ghoul Fighter on Jan 25, 2022.
             Was a Plaything of Xom.
             Killed from afar by an orc wizard (7 damage)
             ... with a magic dart
             ... on level 8 of the Dungeon.
             The game lasted 00:14:41 (14541 turns).

HallandMoats the Toy (Ghoul Fighter)               Turns: 14541, Time: 00:14:42

Health: -4/84      AC:  9    Str: 21    XL:     10   Next: 16%
Magic:  23/23      EV: 11    Int:  5    God:    Xom [.....*]
Gold:   347        SH:  5    Dex: 14    Spells: 9/9 levels left

rFire   + . .      SeeInvis .   b - +2 trident (freeze)
rCold   . . .      Faith    .   c - +0 buckler
rNeg    + + +      Spirit   .   N - +0 scale mail
rPois   ∞          Reflect  .   w - +1 helmet
rElec   .          Harm     .   (no cloak)
rCorr   .          Rampage  .   (no gloves)
Will    .....                   (no boots)
Stlth   ..........              O - amulet of the acrobat
HPRegen 0.00/turn               F - ring of magical power
MPRegen 0.18/turn               G - ring of Ywogguru {Fire Dex+4}

@: liquefying, inhibited regen, slowed movement, very slow
A: claws 1, cold resistance 1, negative energy resistance 3, inhibited
regeneration, torment resistance 2
a: Renounce Religion


You were on level 8 of the Dungeon.
You worshipped Xom.
You were Xom's teddy bear.
You visited 2 branches of the dungeon, and saw 10 of its levels.

You collected 347 gold pieces.

Inventory:

Hand Weapons
 a - a +0 long sword
 b - a +2 trident of freezing (weapon)
Missiles
 J - 4 curare-tipped darts (quivered)
Armour
 c - a +0 buckler (worn)
 w - a +1 helmet (worn)
 N - a +0 scale mail (worn)
Jewellery
 z - a +6 ring of intelligence
 F - a ring of magical power (left claw)
 G - the ring of Ywogguru (right claw) {Fire Dex+4}
   (Xom gifted it to you on level 6 of the Dungeon)

   [ring of fire]

   It enhances your fire magic.
   Dex:       It affects your dexterity (+4).
   rF:        It protects you from fire.
   rC:        It makes you vulnerable to cold.
 I - an amulet of faith
 O - an amulet of the acrobat (around neck)
Wands
 x - a wand of polymorph (15)
 C - a wand of iceblast (7)
 D - a wand of acid (20)
 M - a wand of paralysis (9)
Scrolls
 g - 2 scrolls of fear
 j - 9 scrolls of identify
 k - 3 scrolls of enchant armour {unknown}
 l - a scroll of summoning {unknown}
 m - 2 scrolls of teleportation
 n - 2 scrolls of noise {unknown}
 p - a scroll of silence {unknown}
 t - a scroll of fog {unknown}
 y - a scroll of brand weapon {unknown}
 A - a scroll of torment {unknown}
 H - a scroll of holy word {unknown}
 K - a scroll of vulnerability {unknown}
 L - a scroll of magic mapping {unknown}
Potions
 d - a potion of resistance {unknown}
 e - 5 potions of curing
 f - a potion of attraction {unknown}
 h - a potion of brilliance {unknown}
 i - 5 potions of heal wounds {unknown}
 o - 2 potions of mutation {unknown}
 q - a potion of cancellation {unknown}
 r - a potion of invisibility {unknown}
 s - 2 potions of lignification {unknown}
 u - 3 potions of haste {unknown}
 v - 5 potions of flight {unknown}
 B - a potion of berserk rage {unknown}
 E - a potion of degeneration {unknown}
 P - a potion of might


   Skills:
 + Level 6.4 Fighting
 * Level 6.8 Long Blades
 + Level 5.2 Armour
 + Level 4.4 Dodging
 + Level 5.3 Shields
 * Level 7.8 Invocations


You had 9 spell levels left.
You didn't know any spells.
Your spell library contained the following spells:

 Spells                   Type           Power      Damage    Failure   Level
 Foxfire                  Conj/Fire      0%         2x1d4     87%         1
 Conjure Flame            Conj/Fire      0%         6-21      99%         3
 Inner Flame              Hex/Fire       0%         N/A       99%         3
 Stone Arrow              Conj/Erth      0%         3d7       99%         3
 Animate Armour           Summ/Erth      0%         N/A       100%        4
 Flame Wave               Conj/Fire      0%         2d4       100%        4
 Iskenderun's Battlesphe  Conj           0%         2d6       100%        5
 Iron Shot                Conj/Erth      0%         9d1       100%        6
 Spellforged Servitor     Conj/Summ      0%         N/A       100%        7
 Summon Hydra             Summ           0%         N/A       100%        7
 Lehudib's Crystal Spear  Conj/Erth      0%         10d2      100%        8
 Sublimation of Blood     Necr           Unusable   N/A       N/A         2
 Wereblood                Tmut           Unusable   N/A       N/A         2

Dungeon Overview and Level Annotations

Branches:
Dungeon (9/15)             Temple (1/1) D:6            Lair (0/6) D:8
    Orc: D:9-12

Altars:
Ashenzari
Cheibriados
Dithmenos
Elyvilon
Fedhas
Gozag
Hepliaklqana
Kikubaaqudgha
Makhleb
Nemelex Xobeh
Okawaru
Qazlal
Ru
Sif Muna
Trog
Uskayaw
Vehumet
Wu Jian
Xom
Yredelemnul
Zin
The Shining One


Innate Abilities, Weirdness & Mutations

You thrive by killing the living.
You are immune to poison.
You have sharp fingernails.
Your flesh is cold resistant. (rC+)
You are immune to negative energy. (rN+++)
You do not regenerate when monsters are visible.
You are immune to unholy pain and torment.


Message History

The orc warrior is almost dead.
Reach: b) +2 trident (freeze)
Press: ? - help, Dir - move target, f/p - orc warrior
Aim: an orc warrior, wielding a +0 flail and wearing a +0 chain mail (almost dead, covering ground slowly, about 40% to evade your +2 trident of freezing)
You closely miss the orc warrior.
The orc warrior is almost dead.
The orc warrior becomes momentarily stuck in the liquid earth.
Unknown command.
Reach: b) +2 trident (freeze)
Press: ? - help, Dir - move target, f/p - orc warrior
Aim: an orc warrior, wielding a +0 flail and wearing a +0 chain mail (almost dead, covering ground slowly, about 40% to evade your +2 trident of freezing)
You hit the orc warrior. You freeze the orc warrior.
The orc warrior is almost dead.
The orc warrior barely misses you.
The orc warrior hits you with a +0 flail.
* * * LOW HITPOINT WARNING * * *
Unknown command.
A magic dart appears from out of thin air!
The magic dart hits you but does no damage.
There is an escape hatch in the ceiling here.
Something hits you.
* * * LOW HITPOINT WARNING * * *
Xom is mildly amused.
A mysterious force pulls you upwards. The hatch slams shut behind you.
Reactivating autopickup.
Things that are here:
a +0 robe; a +0 dagger Unknown command.
Things that are here:
a +0 leather armour; a +0 short sword Deactivating autopickup; reactivate with Ctrl-A.
You puncture something! You freeze something.
You hit something but do no damage.
Something hits you but does no damage. x2
You miss something. Something hits you but does no damage.
You miss something. Something hits you but does no damage.
You hit something. You freeze something. Something hits you but does no damage.
You hear some strange, mumbled words.
A magic dart appears from out of thin air!
The magic dart hits you!
You die...

#...##........................###
#..........>....##.............#(
#.###.<...........#..............
..# #..........##......##....#...
.## #..........#####..##....##...
.# #..........## ##............
.# ##..........######.....##....
.#####..........)................
..............[{@................
#####.........[##..._............
#..........##.#..............
#..........##.#..............
#.............###<......#####
##........######........#
##......###............#
#####.####.####.......#
#####.##...# #.......#


There were no monsters in sight!

Vanquished Creatures
  A troll (D:9)
  2 wraiths
  Sigmund (D:4)
  A wyvern (D:8)
  2 steam dragons (D:8)
  3 water moccasins
  A black bear (D:6)
  An orc warrior (D:9)
  2 ogres (D:5)
  A necrophage (D:6)
  2 centaurs
  A kobold brigand (D:7)
  A phantom (D:5)
  A bullfrog (D:8)
  2 scorpions
  A jelly (D:6)
  2 water moccasin skeletons
  A killer bee (D:9)
  3 wights (D:9)
  A howler monkey (D:9)
  2 centaur zombies (D:9)
  3 bullfrog zombies
  A hound (Temple)
  A bullfrog skeleton (D:7)
  3 orc priests
  A gnoll shaman (D:7)
  A centaur skeleton (D:7)
  An iguana (D:6)
  A scorpion zombie (D:5)
  5 orc wizards
  Natasha (twice) (D:4)
  Robin (D:4)
  13 gnolls
  3 adders
  A river rat (D:5)
  A shadow imp (D:7)
  2 white imps
  2 ufetubi (D:4)
  An adder skeleton (D:4)
  A worm (D:2)
  3 dart slugs
  20 orcs
  8 ball pythons
  5 bats
  6 endoplasms
  2 giant cockroaches
  4 hobgoblins
  A quokka (D:1)
  8 frilled lizards
  12 goblins
  10 kobolds
  3 rats
158 creatures vanquished.

Vanquished Creatures (collateral kills)
  4 wights (D:4)
  Natasha (D:4)
  2 gnolls (D:7)
7 creatures vanquished.

Vanquished Creatures (others)
  A jelly (D:7)
  9 plants (D:3)
10 creatures vanquished.

Grand Total: 175 creatures vanquished

Notes
Turn   | Place    | Note
-------+----------+-------------------------------------------
     0 | D:1      | HallandMoats the Ghoul Fighter began the quest for the Orb.
     0 | D:1      | Reached XP level 1. HP: 19/19 MP: 0/0
    75 | D:1      | Reached XP level 2. HP: 20/26 MP: 1/1
   194 | D:1      | Found a faded altar of an unknown god.
   214 | D:1      | Prayed at the altar of an unknown god.
   214 | D:1      | Became a worshipper of Xom of Chaos
   278 | D:1      | Reached skill level 1 in Invocations
   278 | D:1      | Reached XP level 3. HP: 22/31 MP: 2/2
   296 | D:1      | XOM: silly message
   314 | D:1      | XOM: 2-stop teleportation journey
  1093 | D:2      | XOM: summons 2 hostile demons
  1098 | D:2      | XOM: polymorph quasit -> white imp
  1155 | D:2      | XOM: scenery: create altars
  1265 | D:2      | XOM: 2-stop teleportation journey
  1939 | D:3      | Found a bloodstained altar of Trog.
  1939 | D:3      | Found an opulent altar of Gozag.
  1939 | D:3      | Found a blossoming altar of Fedhas.
  1951 | D:3      | Found a shimmering altar of Xom.
  1953 | D:3      | Found a shadowy altar of Dithmenos.
  1955 | D:3      | Found an iron altar of Okawaru.
  1956 | D:3      | Found a basalt altar of Yredelemnul.
  2093 | D:3      | Found a burning altar of Makhleb.
  2094 | D:3      | Found an ancient bone altar of Kikubaaqudgha.
  2204 | D:3      | Reached XP level 4. HP: 38/38 MP: 4/4
  2615 | D:4      | Reached skill level 1 in Dodging
  2631 | D:4      | XOM: scenery: summon butterflies
  2662 | D:4      | Reached skill level 2 in Invocations
  2694 | D:4      | Noticed Natasha
  2698 | D:4      | Killed Natasha
  2900 | D:4      | XOM: scenery: summon butterflies
  3002 | D:4      | Noticed Sigmund
  3014 | D:4      | XOM: cleaving
  3020 | D:4      | Killed Sigmund
  3021 | D:4      | Reached skill level 3 in Invocations
  3021 | D:4      | Reached XP level 5. HP: 14/46 MP: 4/6
  3021 | D:4      | Reached XP level 6. HP: 16/52 MP: 4/7
  3126 | D:4      | XOM: god gift: 20 gold pieces
  3227 | D:4      | XOM: god gift: book of Flames
  3279 | D:4      | Noticed Robin
  3285 | D:4      | XOM: fog
  3286 | D:4      | XOM: cleaving
  3291 | D:4      | Killed Robin
  3612 | D:4      | XOM: fog
  3621 | D:4      | XOM: cast spell 'Metabolic Englaciation'
  3631 | D:4      | XOM: scenery: create altars
  3686 | D:4      | Noticed Natasha
  3690 | D:4      | Killed Natasha
  3691 | D:4      | Reached XP level 7. HP: 20/59 MP: 8/8
  3923 | D:4      | Noticed Natasha
  3935 | D:4      | Killed Natasha
  4272 | D:4      | XOM: god gift: forked lead wand {god gift}
  4310 | D:4      | XOM: scenery: summon butterflies
  4471 | D:5      | Entered Level 5 of the Dungeon
  4566 | D:5      | XOM: butterfly on damage
  4569 | D:5      | Reached skill level 4 in Invocations
  4909 | D:5      | XOM: scenery: 1 doors open
  5016 | D:5      | XOM: scenery: 2 doors open
  5020 | D:5      | XOM: scenery: 1 doors open
  5028 | D:5      | XOM: blink monster(s)
  5059 | D:5      | XOM: polymorph orc -> river rat
  5078 | D:5      | XOM: chaos cloud
  5081 | D:5      | XOM: 5-stop teleportation journey
  5320 | D:5      | XOM: 1-stop teleportation journey
  5334 | D:5      | Reached XP level 8. HP: 29/67 MP: 10/10
  5352 | D:5      | XOM: enchant monster (bad)
  6134 | D:6      | Reached skill level 5 in Invocations
  6218 | D:6      | XOM: chaos cloud
  6553 | D:6      | Found a staircase to the Ecumenical Temple.
  6678 | D:6      | XOM: confuse monster(s)
  6693 | D:6      | Xom revived you
  6697 | D:6      | Reached skill level 5 in Fighting
  6720 | D:6      | XOM: silly message
  6820 | D:6      | XOM: noise
  6979 | D:6      | XOM: divination: detect creatures
  6988 | D:6      | Reached skill level 5 in Long Blades
  7176 | D:6      | XOM: summons friendly quasit
  7195 | D:6      | XOM: noise
  7234 | Temple   | Entered the Ecumenical Temple
  7247 | Temple   | XOM: 1-stop teleportation journey
  7350 | Temple   | XOM: cloud trail
  7988 | Temple   | XOM: polymorph gnoll shaman -> hound
  8152 | D:6      | XOM: 1-stop teleportation journey
  8258 | D:6      | XOM: noise
  8406 | D:6      | Reached XP level 9. HP: 74/74 MP: 12/12
  8531 | D:6      | XOM: summons 4 hostile shadow creatures
  8552 | D:6      | XOM: confusion
  8632 | D:5      | XOM: silly message
  8746 | D:5      | XOM: cloud trail
  8822 | D:6      | XOM: snakes to sticks
  9004 | D:6      | XOM: god gift: 5 curare-tipped darts
  9206 | D:7      | Reached skill level 6 in Invocations
  9369 | D:7      | XOM: enchant monster (bad)
  9385 | D:7      | XOM: scenery: create altars
  9452 | D:7      | XOM: god gift: lumpy ruby potion {god gift}
  9667 | D:7      | XOM is BORED!
  9667 | D:7      | XOM: summons 2 hostile shadow creatures
 10382 | D:7      | XOM: smoke on damage
 10653 | D:6      | Identified the ring of Ywogguru {Fire Dex+4} (Xom gifted it
                  | to you on level 6 of the Dungeon)
 10653 | D:6      | XOM: god gift: ring of Ywogguru {Fire Dex+4}
 11056 | D:7      | XOM: cast spell 'Call Canine Familiar'
 11070 | D:7      | XOM: enchant monster (bad)
 11514 | D:6      | XOM: noise
 11522 | D:6      | XOM: blink monster(s)
 11539 | D:6      | XOM: confuse monster(s)
 12115 | D:7      | XOM: noise
 12325 | D:8      | XOM: scenery: create altars
 12605 | D:8      | XOM: divination: detect items
 12609 | D:8      | XOM: cast spell 'Disjunction'
 12626 | D:8      | HP: 2/75 [wyvern (4)]
 13054 | D:8      | Reached skill level 7 in Invocations
 13112 | D:8      | XOM: god gift: staff of death
 13231 | D:8      | XOM: silly message
 13303 | D:8      | Found a staircase to the Lair.
 13366 | D:8      | Reached skill level 5 in Armour
 13380 | D:9      | XOM: potion effect (might)
 13395 | D:9      | Reached skill level 5 in Shields
 13495 | D:9      | Noticed a troll
 13495 | D:9      | XOM: 4-stop teleportation journey
 13499 | D:9      | Found a sparkling altar of Nemelex Xobeh.
 13726 | D:9      | Found a snail-covered altar of Cheibriados.
 13726 | D:9      | XOM: summons friendly crimson imp
 13734 | D:9      | Killed a troll
 13753 | D:9      | XOM: noise
 13784 | D:9      | Reached XP level 10. HP: 43/83 MP: 14/14
 14191 | D:9      | XOM: confuse monster(s)
 14493 | D:9      | XOM: scenery: 1 doors open, 1 doors close
 14515 | D:9      | XOM: cast spell 'Leda's Liquefaction'
 14517 | D:9      | XOM: summons friendly iron imp
 14533 | D:9      | HP: 3/84 [something (2)]
 14541 | D:8      | Killed from afar by an orc wizard

Illustrated notes

Levels and vault maps discovered:
D:1:      saegor_arrival_simple_a, layout_rooms, ebering_ecumenical_altar_webs,
          roderic_roman_lattice, wander_ebering_terrifying_dragon_lair
D:2:      layout_basic, serial_aquarium, aquarium_bridge_square
          [aquarium_subvault_wall, aquarium_subvault_wall,
          aquarium_subvault_bridge, aquarium_subvault_bridge],
          aquarium_window_2, aquarium_window_fake, aquarium_window_corridor_3,
          aquarium_view_2b, aquarium_balcony_double_4
D:3:      layout_loops_ring, nicolae_overflow_hallway_of_the_gods,
          serial_bayou_lake_a
D:4:      layout_loops_corners, uniq_robin, uniq_natasha, uniq_sigmund
D:5:      layout_gridville, kennysheep_cross_room
D:6:      layout_basic, minmay_temple_entry_large_hall,
          chequers_serial_rivers_small_a
D:7:      layout_cave_pools
D:8:      layout_rooms, lair_entry_dummy, nicolae_figureground_pulse
D:9:      kennysheep_blocky_hall, layout_irregular_city,
          mainiacjoe_overflow_catwalk_spiral, uniq_pikel
Temple:   dpeg_chambers_temple

Skill      XL: |  1  2  3  4  5  6  7  8  9 |
---------------+----------------------------+-----
Long Blades    | 2 3 4 5 6 |  6.8
Invocations    | 1 3 4 5 7 |  7.8
Dodging        | 1 2 3 4 |  4.4
Armour         | 3 4 5 |  5.2
Shields        | 3 4 5 |  5.3
Fighting       | 4 5 6 |  6.4

Action                   |  1- 3 |  4- 6 |  7- 9 | 10-12 || total
-------------------------+-------+-------+-------+-------++-------
Melee: Long sword        |   136 |    82 |   530 |       ||   748
       Trident           |       |       |    25 |    79 ||   104
Throw: Dart              |       |       |     8 |       ||     8
  Use: Potion            |       |     2 |     1 |       ||     3
       Scroll            |       |       |     4 |       ||     4
 Stab: Confused          |       |       |       |     3 ||     3
Armor: Scale mail        |    78 |    42 |   350 |    39 ||   509
Dodge: Dodged            |    89 |    34 |   339 |    53 ||   515
Block: Buckler           |    31 |    16 |   163 |    24 ||   234

Table legend: (Time is in decaauts)
 A = Elapsed time spent in this place.
 B = Non-inter-level travel time spent in this place.
 C = Inter-level travel time spent in this place.
 D = Time resting spent in this place.
 E = Time spent auto-exploring this place.
 F = Levels seen in this place.
 G = Mean time per level.
                   A        B        C        D        E       F      G
               +--------+--------+--------+--------+--------+-----+--------+
         Total |  14824 |  14577 |    247 |   2999 |   9274 |  10 | 1482.4 |
       Dungeon |  13933 |  13713 |    220 |   2384 |   9067 |   9 | 1548.1 |
        Temple |    890 |    863 |     27 |    615 |    207 |   1 |  890.0 |
               +--------+--------+--------+--------+--------+-----+--------+

Top non-repeatable levels by time:
     D:6: 3696 daAuts
     D:4: 1895 daAuts
     D:5: 1860 daAuts
     D:7: 1446 daAuts
     D:9: 1223 daAuts
     D:8: 1113 daAuts
     D:2: 1012 daAuts
     D:3: 956 daAuts
  Temple: 890 daAuts
     D:1: 728 daAuts
